cohdb
Replays
Latest Replays
All Replays
Popular Replays
Top Player Replays
Match Explorer
How It Works
Community
CoH3 Stats
Reddit
Sign in to upload your games and track your stats! →
Sign in with Steam
Match 47226390
Unlisted
Match 47226390
Overview
Messages
Build Orders
End
Pioneer Squad
Construct Infanterie Kompanie
MG 42 Machine Gun Team
Selects Terror Battlegroup
Selects Machine Gun Camouflage
Grenadier Squad
MG 42 Machine Gun Team
Grenadier Squad
Construct Luftwaffe Kompanie
221 Scout Car
Medical Bunker
Flak 30 Anti-aircraft Gun Team
Flak 30 Anti-aircraft Gun Team
Selects No Quarter
Flak 30 Anti-aircraft Gun Team
Support Elements
Flak 30 Anti-aircraft Gun Team
MG 42 Machine Gun Team
Marder III M Tank Destroyer
UMirinBrah?
帝国大机霸贝克尔少校
Vulpes
Ghost
0
0
Comments
sign in to comment!
No comments posted yet!